 Dungeon Crawl Stone Soup version 0.17-a0-725-gfa8c127 (webtiles) character file.

3238 oplop the Covert (level 9, 0/48 HPs)
             Began as a Vine Stalker Assassin on Apr 20, 2015.
             Slain by a killer bee (2 damage)
             ... on level 8 of the Dungeon.
             The game lasted 00:19:00 (7114 turns).

oplop the Covert (Vine Stalker Assassin)            Turns: 7114, Time: 00:19:01

Health: 0/48       AC:  7    Str: 17    XL:     9   Next: 99%
Magic:  0/12       EV: 11    Int: 11    God:
Gold:   153        SH:  7    Dex: 19    Spells: 0 memorised, 11 levels left

rFire  . . .     SeeInvis +     a - +3 dagger
rCold  . . .     Clarity  .     C - +0 leather armour {rPois}
rNeg   . . .     SustAb   .     x - +1 buckler
rPois  +         Gourm    .     P - +0 helmet
rElec  .         Spirit   +     d - +0 cloak
rCorr  .         Warding  .     (no gloves)
rMut   .         Stasis   .     o - +0 pair of boots
MR     +....                    (no amulet)
Stlth  ++++......               N - ring of see invisible
                                J - +3 ring of strength

@: lethally poisoned (0 -> -1), somewhat resistant to hostile enchantments,
stealthy
A: fangs 3, regeneration 2, shaggy fur 1, magic shield, antimagic bite, no
device heal 3, rot immunity
a: no special abilities


You were on level 8 of the Dungeon.
You were not hungry.

You visited 2 branches of the dungeon, and saw 9 of its levels.

You collected 391 gold pieces.
You spent 238 gold pieces at shops.

Inventory:

Hand weapons
 a - a +3 dagger (weapon)
 b - a +0 blowgun
 m - a +0 whip of draining
Missiles
 e - a curare-tipped needle
 D - 13 poisoned needles
 L - 9 throwing nets (quivered)
Armour
 d - a +0 cloak (worn)
 o - a +0 pair of boots (worn)
 x - a +1 buckler (worn)
 C - a +0 leather armour of poison resistance (worn)
 P - a +0 helmet (worn)
Jewellery
 v - an uncursed ring of fire
 J - a +3 ring of strength (left hand)
 N - a ring of see invisible (right hand)
Magical devices
 H - a wand of lightning (6)
Scrolls
 h - 6 scrolls of remove curse
 i - 3 scrolls of teleportation
 l - 5 scrolls of noise
 q - 3 scrolls of enchant armour
 r - a scroll of amnesia
 s - a scroll of magic mapping
 y - 9 scrolls of identify
 A - a scroll of fog
 B - a scroll of immolation
 E - a scroll of enchant weapon
Potions
 f - a potion of brilliance
 k - 2 potions of might {unknown}
 n - a potion of berserk rage
 p - 2 potions of agility
 t - a potion of cancellation {unknown}
 u - a potion of invisibility {unknown}
 w - 4 potions of heal wounds {unknown}
 z - a potion of lignification {unknown}
 F - a potion of ambrosia {unknown}
 G - 2 potions of magic {unknown}
 I - a potion of curing {unknown}
 K - a potion of flight {unknown}
 O - a potion of restore abilities {unknown}
 S - a potion of degeneration {unknown}
Books
 M - a book of Unlife

   Spells                             Type                      Level
   a - Recall                         Summoning/Translocation      3
   b - Animate Dead                   Necromancy                   4
   c - Control Undead                 Necromancy                   4
   d - Cigotuvi's Embrace             Necromancy                   5
   e - Death Channel                  Necromancy                   6
   f - Simulacrum                     Ice/Necromancy               6
Comestibles
 c - 2 fruits
 g - 8 bread rations
 j - 7 beef jerkies
 Q - a meat ration
 R - a slice of pizza
 T - 4 chunks of flesh


   Skills:
 + Level 6.3 Fighting
 + Level 7.7 Short Blades
 - Level 1.7 Throwing
 - Level 0.7 Dodging
 - Level 9.7 Stealth
 + Level 4.7 Shields
 - Level 1.7 Spellcasting


You had 11 spell levels left.
You didn't know any spells.

Dungeon Overview and Level Annotations

Branches:
Dungeon (8/15)             Temple (1/1) D:5
   Lair: D:8-11

Altars:
Ashenzari
Cheibriados
Dithmenos
Elyvilon
Fedhas
Gozag
Kikubaaqudgha
Makhleb
Qazlal
Ru
Sif Muna
Trog
Vehumet
Xom
Zin
The Shining One

Shops:
D:6 *

Annotations:
D:4 barthelme's ghost, average TrBe


Innate Abilities, Weirdness & Mutations

You have razor-sharp teeth.
You heal very quickly.
You are covered in fur (AC +1).
When hurt, damage is shared between your health and your magic reserves.
Your bite disrupts and absorbs the magic of your enemies.
Potions and wands cannot restore your health.
You are immune to rotting.


Message History

You feel sick. The killer bee stings you.
* * * LOW HITPOINT WARNING * * *
Firing (i - inventory. (,) - cycle):
D - 14 poisoned needles (quivered)
Press: ? - help, Shift-Dir - straight line, f/p - killer bee
Aim: a killer bee (moderately wounded)
You shoot a poisoned needle.
The poisoned needle misses the killer bee.
You feel sick.
The killer bee stings you but does no damage.
The killer bee stings you!
* * * LOW HITPOINT WARNING * * *
Drink which item? (? for menu, Esc to quit)
Okay, then.
Read which item? (? for menu, Esc to quit)
Okay, then.
Drink which item? (? for menu, Esc to quit)
Okay, then.
a - a +3 dagger (weapon)
The killer bee stings you.
You die...

...... .# ......# #.#
#.....######..###
.##........(.....Z..
..............##
.##.......##...#
......>†.S.###?(######.
(.......<..###y........
........†....@....#####
...(.........$##.#
..............# ...
.(...##........ #..#
.####.......... ..
..........# ##......###
.#...## ..#


You could see a killer bee.

Vanquished Creatures
  Pikel (D:5)
  A deep elf mage (D:7)
  Edmund (D:5)
  An orc warrior (D:6)
  3 ogres
  5 centaurs
  A gnoll sergeant (D:5)
  A giant frog (D:6)
  3 scorpions
  5 killer bees (D:8)
  2 gnoll shamans
  A centaur zombie (D:6)
  An iguana (D:5)
  A centaur skeleton (D:5)
  2 crimson imps
  4 orc priests (D:4)
  5 hounds
  8 worker ants
  A hound skeleton (D:6)
  A worker ant zombie (D:5)
  11 adders
  30 gnolls
  3 shadow imps
  An ooze (D:4)
  An adder skeleton (D:6)
  An adder zombie (D:7)
  22 orcs
  11 bats
  A bat skeleton (D:5)
  5 giant cockroaches
  14 hobgoblins
  30 jackals
  15 kobolds
  3 quokkas
  10 giant geckos
  6 giant newts
  10 goblins
  14 rats
236 creatures vanquished.

Vanquished Creatures (others)
  A slave (D:5)
  A gnoll shaman (D:5)
  A worker ant (D:5)
  6 gnolls (D:5)
  A jackal (D:5)
  4 toadstools (D:1)
14 creatures vanquished.

Grand Total: 250 creatures vanquished

Notes
Turn   | Place    | Note
--------------------------------------------------------------
     0 | D:1      | oplop, the Vine Stalker Assassin, began the quest for the Orb.
     0 | D:1      | Reached XP level 1. HP: 11/11 MP: 2/2
   101 | D:1      | Reached skill level 5 in Stealth
   101 | D:1      | Reached XP level 2. HP: 13/15 MP: 3/3
   555 | D:2      | Reached skill level 1 in Spellcasting
   555 | D:2      | Reached XP level 3. HP: 9/18 MP: 3/5
   798 | D:2      | Found a blossoming altar of Fedhas.
   840 | D:2      | Reached XP level 4. HP: 23/23 MP: 7/7
  1153 | D:2      | Found an ancient bone altar of Kikubaaqudgha.
  1774 | D:3      | Reached skill level 6 in Stealth
  1775 | D:3      | Reached XP level 5. HP: 24/26 MP: 8/8
  2036 | D:3      | Found a blossoming altar of Fedhas.
  2151 | D:4      | Reached skill level 1 in Shields
  2258 | D:4      | Noticed barthelme's ghost (average TrBe)
  2405 | D:4      | Gained mutation: You heal very quickly. [Vine Stalker growth]
  2405 | D:4      | Reached XP level 6. HP: 21/30 MP: 6/9
  2501 | D:4      | Found a shadowy altar of Dithmenos.
  2898 | D:4      | Reached skill level 7 in Stealth
  3011 | D:4      | Reached XP level 7. HP: 15/34 MP: 7/10
  3413 | D:5      | Entered Level 5 of the Dungeon
  3636 | D:5      | Noticed Pikel
  3661 | D:5      | Killed Pikel
  3661 | D:5      | Reached skill level 5 in Short Blades
  3661 | D:5      | Reached skill level 8 in Stealth
  3661 | D:5      | Gained mutation: You have razor-sharp teeth. [Vine Stalker growth]
  3661 | D:5      | Reached XP level 8. HP: 26/42 MP: 7/11
  3821 | D:5      | Found a staircase to the Ecumenical Temple.
  3836 | Temple   | Entered the Ecumenical Temple
  4180 | D:5      | Noticed Edmund
  4242 | D:5      | Killed Edmund
  4242 | D:5      | Reached skill level 9 in Stealth
  5113 | D:5      | Reached XP level 9. HP: 31/46 MP: 10/12
  5580 | D:6      | Reached skill level 5 in Fighting
  5633 | D:6      | Found a blossoming altar of Fedhas.
  5881 | D:6      | Found Henuti's General Store.
  5887 | D:6      | Bought a potion of berserk rage for 70 gold pieces
  5887 | D:6      | Bought a scroll of enchant armour for 105 gold pieces
  5887 | D:6      | Bought a +0 pair of boots for 63 gold pieces
  6558 | D:7      | Found a bloodstained altar of Trog.
  7113 | D:8      | HP: 2/48 [killer bee (6)]
  7114 | D:8      | Slain by a killer bee

Action                   |  1- 3 |  4- 6 |  7- 9 || total
-------------------------+-------+-------+-------++-------
Melee: Dagger            |    17 |       |   108 ||   125
       Whip              |    41 |   246 |   334 ||   621
 Fire: Blowgun           |     6 |    11 |    85 ||   102
Evoke: Wand              |       |       |     2 ||     2
  Use: Scroll            |       |       |    12 ||    12
 Stab: Distracted        |     2 |       |     4 ||     6
       Sleeping          |     5 |     6 |    19 ||    30
  Eat: Chunk             |       |     7 |     7 ||    14
       Meat ration       |       |       |     1 ||     1
       Beef jerky        |       |       |     1 ||     1
